 Dungeon Crawl Stone Soup version 0.28.0 (webtiles) character file.

Game seed: 15243965403334772263

91 Strat the Cudgeller (level 4, 0/28 HPs)
             Began as a Gargoyle Arcane Marksman on Feb 6, 2022.
             Slain by a kobold brigand (9 damage)
             ... on level 3 of the Dungeon.
             The game lasted 00:05:18 (3325 turns).

Strat the Cudgeller (Gargoyle Arcane Marksman)      Turns: 3325, Time: 00:05:18

Health: 0/28       AC:  6    Str: 15    XL:     4   Next: 57%
Magic:  5/5        EV: 11    Int: 14    God:
Gold:   117        SH:  3    Dex: 10    Spells: 4/5 levels left

rFire   . . .      SeeInvis .   b - +1 whip (elec)
rCold   . . .      Faith    .   i - +0 buckler
rNeg    + . .      Spirit   .   l - +0 leather armour
rPois   ∞          Reflect  .   (no helmet)
rElec   +          Harm     .   (no cloak)
rCorr   .          Rampage  .   (no gloves)
Will    .....                   (no boots)
Stlth   +.........              (no amulet)
HPRegen 0.09/turn               (no ring)
MPRegen 0.09/turn               (no ring)

@: no status effects
A: sickness immunity, AC +3, negative energy resistance 1, electricity
resistance, torment resistance 1, petrification resistance
a: no special abilities


You were on level 3 of the Dungeon.
You visited 1 branch of the dungeon, and saw 3 of its levels.

You collected 117 gold pieces.

Inventory:

Hand Weapons
 a - a +0 hunting sling
 b - a +1 whip of electrocution (weapon)
 g - a +0 short sword
Missiles
 c - 39 sling bullets
 h - 33 stones (quivered)
Armour
 d - a +0 robe
 i - a +0 buckler (worn)
 l - a +0 leather armour (worn)
Jewellery
 j - an amulet of faith
Scrolls
 f - 4 scrolls of identify
Potions
 e - a potion of curing


   Skills:
 - Level 3.0 Fighting
 * Level 3.1 Maces & Flails
 - Level 1.7 Slings
 - Level 1.5 Dodging
 - Level 1.0 Spellcasting
 - Level 2.6 Hexes


You had 4 spell levels left.
You knew the following spells:

 Your Spells              Type           Power      Damage    Failure   Level
a - Slow                  Hex            32%        N/A       16%         1

Your spell library contained the following spells:

 Spells                   Type           Power      Damage    Failure   Level
 Inner Flame              Hex/Fire       4%         N/A       61%         3
 Portal Projectile        Hex/Tloc       8%         N/A       61%         3
 Cause Fear               Hex            4%         N/A       83%         4


Dungeon Overview and Level Annotations

Branches:
Dungeon (3/15)

Altars:

Portals:
Abyss: D:3

Annotations:
D:2 Robin, Sigmund
D:3 1 transporter, Hildebrand's ghost, amateur MiBe


Innate Abilities, Weirdness & Mutations

You are immune to sickness and miasma.
Your stone body is resilient. (AC +3)
You are immune to poison.
You resist negative energy. (rN+)
You are resistant to electric shocks. (rElec)
You are resistant to unholy torment.
You are immune to petrification.


Message History

The kobold brigand shouts!
There is a transporter here.
There is a stone staircase leading up, spattered with blood here.
You see here a +0 dagger.
You see here a +0 club.
There is an escape hatch in the floor here.
You see here a +0 club.
There is a stone staircase leading up, spattered with blood here.
You see here a +0 dagger.
There is a transporter here.
You enter the transporter and appear at another place.
Really walk into that dispersal trap?
You enter a dispersal trap!
You blink.
There is a one-way gate to the infinite horrors of the Abyss here.
The kobold brigand throws a stone.
The stone hits you.
Okay, then.
You don't have any unidentified items.
Unknown command.
The kobold brigand hits you with a +3 whip of distortion!
* * * LOW HITPOINT WARNING * * *
Space warps around you.
* * * LOW HITPOINT WARNING * * *
Unknown command.
You feel much better.
The kobold brigand hits you with a +3 whip of distortion.
You blink.
The kobold brigand throws a stone.
The stone barely misses you.
The kobold brigand throws a stone.
You block the stone.
You hit the small abomination but do no damage.
The small abomination hits you but does no damage.
You hit the small abomination but do no damage.
You hit the small abomination.
The small abomination is lightly damaged.
The small abomination hits you!
Ouch! That really hurt!
* * * LOW HITPOINT WARNING * * *
You hit the small abomination.
The small abomination is lightly damaged.
The kobold brigand hits you with a +3 whip of distortion!
You die...

#########.# #.## ##.## #.##..
#.........# #..# ##...## #.##..
#.######..#####.####..#..###.##..
....## #..#......................
###.^# #..#..............©.......
#.##.###..#..[###.......####.....
...#...#.....##.###...###.##.....
#'####.......#....#..##...##....#
...#.##..##..##.@K####....#......
...'..#.###...##x#x.....#∩##....#
...#.##.##.....##.##.#.##..##...#
#'####).##......#5#....##..©#...#
...#...###....###.^.###.^#.##...#
#)##..## #...###..###.##..##....#
#'#...####...###.##....##.##.....
†............#..##...###...##....
#...#.##.##..##.##..###^.##.#....


You could see a kobold brigand, 2 small abominations and an ufetubus.

Vanquished Creatures
  2 adders (D:3)
  3 orcs (D:3)
  4 endoplasms
  A giant cockroach (D:3)
  7 goblins
  13 hobgoblins
  A quokka (D:1)
  3 ball pythons
  8 bats
  4 frilled lizards (D:2)
  11 kobolds
  6 rats
63 creatures vanquished.

Notes
Turn   | Place    | Note
-------+----------+-------------------------------------------
     0 | D:1      | Strat the Gargoyle Arcane Marksman began the quest for the
                  | Orb.
     0 | D:1      | Reached XP level 1. HP: 12/12 MP: 2/2
   371 | D:1      | Reached XP level 2. HP: 14/17 MP: 3/3
   637 | D:1      | Reached skill level 1 in Maces & Flails
  1549 | D:2      | Reached XP level 3. HP: 22/22 MP: 4/4
  1812 | D:2      | Noticed Sigmund
  1829 | D:3      | Noticed a kobold brigand
  1829 | D:3      | Found a transporter.
  1829 | D:3      | Found a transporter.
  2260 | D:3      | Reached XP level 4. HP: 25/27 MP: 5/5
  2365 | D:3      | Noticed a phantom
  2478 | D:2      | Noticed Robin
  2891 | D:3      | Noticed a small abomination
  2906 | D:3      | Found a one-way gate to the infinite horrors of the Abyss.
  2906 | D:3      | Noticed Hildebrand's ghost (amateur MiBe)
  3325 | D:3      | Slain by a kobold brigand

Illustrated notes

Levels and vault maps discovered:
D:1:      minmay_arrival_jagged, layout_basic, minmay_split_cup_small
D:2:      layout_loops_ring, dreamdust_ecumenical_altar_hidden_monk_grotto,
          grunt_ministairs_8, uniq_crazy_yiuf_cottage, uniq_sigmund, uniq_robin
D:3:      cheibrodos_greedy_goblins, layout_loops_corners,
          gammafunk_ghost_abyssal_escape

Skill      XL: |  1  2  3  4 |
---------------+-------------+-----
Fighting       | 2 3 |  3.0
Maces & Flails | 1 2 3 |  3.1
Slings         | |  1.7
Dodging        | |  1.5
Spellcasting   | |  1.0
Hexes          | |  2.6

Action                   |  1- 3 |  4- 6 || total
-------------------------+-------+-------++-------
Melee: Whip              |   118 |    79 ||   197
       Short sword       |    13 |       ||    13
 Fire: Hunting sling     |     9 |       ||     9
  Use: Scroll            |       |     7 ||     7
       Potion            |       |     3 ||     3
Armor: Robe              |    42 |       ||    42
       Leather armour    |    18 |    22 ||    40
Dodge: Dodged            |    88 |    44 ||   132
Block: Buckler           |    12 |    11 ||    23
